 Dungeon Crawl Stone Soup version 0.22-a0-460-g49b1da7 (webtiles) character file.

249983 wjh11 the Executioner (level 18, -3/167 (168) HPs)
             Began as a Minotaur Berserker on June 9, 2018.
             Was the Champion of Trog.
             Engulfed by a ghost crab's spectral mist (6 damage)
             ... in a wizard's laboratory.
             The game lasted 01:38:20 (43941 turns).

wjh11 the Executioner (Minotaur Berserker)         Turns: 43941, Time: 01:38:21

HP:   -3/167 (168)  AC: 42    Str: 32    XL:     18   Next: 89%
MP:   26/26         EV: 18    Int: 11    God:    Trog [******]
Gold: 1824          SH: 12    Dex: 17    Spells: 17/17 levels left

rFire    . . .     SeeInvis .   a - +9 broad axe (distort)
rCold    . . .     Gourm    .   U - +3 warlock's mirror {reflect}
rNeg     + . .     Faith    +   F - +10 plate armour of the Bouncing Yaks {rN+ Str+4 Slay-4}
rPois    .         Spirit   .   X - +2 hat
rElec    +         Reflect  +   k - +2 cloak
rCorr    .         Harm     .   B - +2 pair of gloves "Reasmeo" {MR+ Int+3}
MR       +++..     Clarity  +   A - +2 pair of boots
Stlth    ..........             E - amulet of faith
HPRegen  0.37/turn              Y - ring "Puegow" {rElec MP+9 Int+4 Dex+5}
MPRegen  0.20/turn              g - ring of protection from magic

@: berserk cooldown, slowed, studying Stealth, drained, very slow
A: retaliatory headbutt, hooves 1, horns 2, yellow scales 1, camouflage 1,
clarity
}: 2/15 runes: serpentine, barnacled
a: Berserk, Trog's Hand, Brothers in Arms, Renounce Religion


You were in a wizard's laboratory.
You worshipped Trog.
Trog was exalted by your worship.
You were very hungry.

You visited 6 branches of the dungeon, and saw 32 of its levels.
You also visited: Labyrinth, Volcano and Wizlab.

You collected 3553 gold pieces.
You spent 1729 gold pieces at shops.

Inventory:

Hand Weapons
 a - a +9 broad axe of distortion (weapon)
 i - a +9 antimagic war axe
Missiles
 S - 4 throwing nets (quivered)
Armour
 k - a +2 cloak (worn)
 A - a +2 pair of boots (worn)
 B - the +2 pair of gloves "Reasmeo" (worn) {MR+ Int+3}
   (You bought it in a shop on level 7 of the Dungeon)

   It affects your intelligence (+3).
   It affects your resistance to hostile enchantments.
 F - the +10 plate armour of the Bouncing Yaks (worn) {rN+ Str+4 Slay-4}
   (You found it in a labyrinth)

   It affects your strength (+4).
   It affects your accuracy and damage with ranged weapons and melee attacks
   (-4).
   It protects you from negative energy.
 U - the +3 warlock's mirror (worn) {reflect}
   (You bought it in a shop on level 7 of the Dungeon)
 X - a +2 hat (worn)
Jewellery
 g - a ring of protection from magic (right hand)
 h - the ring "Venwon" {rPois Int+4 SInv Stlth-}
   (You found it on level 3 of the Snake Pit)

   [ring of intelligence]

   It affects your intelligence (+4).
   It protects you from poison.
   It lets you see invisible.
   It makes you less stealthy.
 j - a +2 ring of dexterity
 y - an uncursed amulet of the gourmand
 C - an uncursed ring of protection from fire
 E - an amulet of faith (around neck)
 N - an uncursed ring of ice
 Q - a +4 ring of protection
 Y - the ring "Puegow" (left hand) {rElec MP+9 Int+4 Dex+5}
   (You found it on level 6 of the Lair of Beasts)

   [ring of magical power]

   It affects your intelligence (+4).
   It affects your dexterity (+5).
   It insulates you from electricity.
   It affects your magic capacity (+9).
Wands
 f - a wand of digging (26)
 s - a wand of acid (8)
Scrolls
 b - 2 scrolls of summoning
 e - a scroll of brand weapon
 l - 4 scrolls of immolation
 m - 9 scrolls of identify
 o - a scroll of holy word
 p - 2 scrolls of blinking
 q - 8 scrolls of teleportation
 r - 2 scrolls of enchant weapon
 u - a scroll of enchant armour
 x - 12 scrolls of remove curse
 z - 3 scrolls of vulnerability
 J - 2 scrolls of magic mapping
 K - 6 scrolls of fear
 R - 8 scrolls of fog
Potions
 d - 3 potions of flight
 n - 4 potions of cancellation
 v - 7 potions of curing
 w - 10 potions of haste
 D - 5 potions of magic
 H - a potion of lignification
 I - 3 potions of resistance
 L - 2 potions of might
 W - 3 potions of invisibility
Books
 t - a manual of Stealth
Comestibles
 c - 39 rations


   Skills:
 + Level 16.5(16.0) Fighting
 * Level 21.7(21.2) Axes
 + Level 16.2(15.8) Armour
 + Level 15.2(14.7) Dodging
 + Level 2.0(1.7) Stealth
 * Level 18.0(17.5) Shields


You had 17 spell levels left.
You didn't know any spells.
Your spell library was empty.

Dungeon Overview and Level Annotations

Branches:
Dungeon (15/15)            Temple (0/1) D:7            Lair (6/6) D:11
 Shoals (4/4) Lair:3        Snake (4/4) Lair:4        Slime (0/5) Lair:6
    Orc (2/2) D:10            Elf (1/3) Orc:2        Vaults (0/5) D:13
 Depths (0/5) D:15

Altars:
Ashenzari
Dithmenos
Elyvilon
Nemelex Xobeh
Qazlal
Zin

Shops:
D:7 [   D:9 ?   Orc:1 (   Orc:2 **[[   Snake:2 !*[?

Annotations:
D:12 Psyche
Lair:2 exclusion: oklob plant
Abyss:1 Agnes, Aizul, Frances


Innate Abilities, Weirdness & Mutations

You reflexively headbutt those who attack you in melee.
You have a pair of horns on your head.
You have large cloven feet.
You are partially covered in yellow scales. (AC +2)
Your skin changes colour to match your surroundings (Stealth+).
You possess an exceptional clarity of mind.


Message History

You block the spectral fire dragon's attack.
The ghost crab completely misses you. You furiously retaliate!
You headbutt the ghost crab.
The ghost crab claws you but does no damage.
You are engulfed in spectral mist.
* * * LOW HITPOINT WARNING * * *
The ghost crab breathes spectral mist at you.
The spectral mist engulfs you!
You feel a strong urge to attack something.
You are engulfed in spectral mist.
The ghost crab breathes spectral mist at you.
The spectral mist engulfs the spectral ettin.
You are engulfed in spectral mist.
* * * LOW HITPOINT WARNING * * *
You are no longer berserk.
You are exhausted.
You feel yourself slow down.
The spectral ettin fades away!
The spectral vault warden hits you but does no damage.
You are engulfed in spectral mist.
You die...

≈≈≈≈#.§........###§§§.
≈≈≈≈##.§§.§§.§§.###...
≈≈≈≈##......§.##≈###§ ≈
≈≈≈≈≈###§§§§§##≈≈≈≈## ≈≈
≈≈≈≈≈≈≈##§§.##≈≈≈≈≈## ≈≈≈
≈≈≈≈≈≈≈##.##≈≈≈≈≈##§ ≈≈≈≈
≈≈≈≈≈≈≈###≈≈≈≈≈##..
≈≈≈≈≈####################...
≈≈≈###§§§t§@ZZ§.............
≈###..[§§Z§§≈§§≈≈≈≈≈≈≈≈≈≈≈≈≈
##...≈≈†####################
#..≈≈≈≈≈# # #.≈≈≈≈≈≈#
..≈≈≈≈≈≈# .≈≈≈≈≈≈≈#
.≈≈≈≈≈≈≈# ......§.§


You could see a ghost crab, a spectral fire dragon, a spectral vault warden and
a spectral black sun.

Vanquished Creatures
  Gastronok (Lair:1)
  Donald (Orc:2)
  4 nagarajas
  2 spark wasps (WizLab)
  6 merfolk javelineers
  10 merfolk impalers
  A fire dragon (Volcano)
  2 ogre magi (Orc:2)
  12 naga warriors
  2 hydras
  A great orb of eyes (shapeshifter) (D:15)
  2 merfolk avatars
  3 spriggan air magi (WizLab)
  20 two-headed ogres
  An alligator snapping turtle (Shoals:2)
  A ghost crab (WizLab)
  2 centaur warriors
  14 anacondas
  7 merfolk aquamancers
  A death yak (Lair:5)
  A satyr (Shoals:2)
  3 tengu warriors
  A deep troll earth mage (D:15)
  16 shock serpents
  Sonja (D:15)
  7 naga sharpshooters
  A fire crab (shapeshifter) (D:15)
  Nergalle (D:10)
  A fire crab (WizLab)
  A salamander mystic (Snake:2)
  A death drake (WizLab)
  A skeletal warrior (D:13)
  15 sea snakes
  2 deep trolls (Orc:2)
  9 naga ritualists
  A sea snake (shapeshifter) (Elf:1)
  3 lindwurms (Snake:4)
  An unseen horror (D:15)
  23 harpies
  6 ugly things
  14 mana vipers
  4 cyclopes
  A deep elf mage (D:14)
  12 fauns
  A necromancer (Elf:1)
  6 elephants
  15 manticores
  14 salamanders
  10 guardian serpents
  9 water nymphs
  22 black mambas
  7 merfolk sirens
  14 spiny frogs
  22 naga magi
  A gargoyle (D:11)
  A torpor snail (Lair:6)
  The ghost of jejorda2 the Insei, a novice OpMo (D:3)
  9 komodo dragons
  7 rime drakes
  A yaktaur (D:15)
  A redback zombie (D:14)
  29 merfolk
  2 hornets (Lair:6)
  5 polar bears
  10 trolls
  3 meliai (D:13)
  A meliai (shapeshifter) (D:15)
  8 wind drakes
  6 blink frogs
  A polar bear (shapeshifter) (D:15)
  Grinder (D:6)
  4 slime creatures (D:15)
  5 dream sheep
  6 snapping turtles
  4 hippogriffs
  6 air elementals (WizLab)
  A redback (shapeshifter) (D:15)
  12 wyverns
  14 water elementals
  A wraith (D:11)
  A basilisk (Lair:2)
  4 fire bats (Volcano)
  24 yaks
  Grum (D:11)
  3 steam dragons (Volcano)
  6 vampire mosquitoes
  4 hungry ghosts
  2 wargs
  An acid dragon (D:11)
  41 nagas
  25 water moccasins
  6 porcupines
  19 orc warriors
  4 sky beasts
  4 ice beasts
  4 large abominations (Elf:1)
  28 ogres
  2 necrophages (D:11)
  3 phantoms
  4 boggarts
  15 centaurs
  4 wolves (D:11)
  10 crocodiles
  5 big kobolds
  An elf zombie (Elf:1)
  17 bullfrogs
  A gnoll sergeant (D:10)
  An earth elemental (Lab)
  A wyvern skeleton (D:13)
  4 scorpions
  A troll zombie (D:10)
  12 killer bees
  4 wights (D:13)
  5 howler monkeys
  6 crimson imps
  2 jellies (D:11)
  A bullfrog zombie (D:12)
  2 centaur zombies
  11 orc priests
  4 hounds
  4 bullfrog skeletons
  6 centaur skeletons
  14 orc wizards
  5 iguanas
  Natasha (thrice) (D:4)
  8 worker ants
  5 ogre zombies (D:10)
  2 hound zombies
  A worker ant zombie (D:10)
  19 adders
  7 gnolls
  A howler monkey skeleton (D:6)
  2 shadow imps
  An ooze (D:7)
  An adder zombie (D:5)
  3 worms
  A dart slug (D:1)
  8 leopard geckos
  77 orcs
  7 bats
  2 giant cockroaches
  10 goblins
  6 hobgoblins
  18 jackals
  21 kobolds
  6 quokkas
  4 ball pythons
  7 frilled lizards
  2 hobgoblin skeletons (D:10)
  2 hobgoblin zombies (D:10)
  4 orc skeletons (D:10)
  11 orc zombies (D:10)
  A quokka skeleton (D:5)
  A quokka zombie (D:5)
  10 rats
  2 fungi
  15 plants
1069 creatures vanquished.

Vanquished Creatures (collateral kills)
  Ilsuiw (Shoals:4)
  A spark wasp (WizLab)
  A merfolk impaler (Shoals:4)
  3 hydras
  A ghost crab (WizLab)
  2 merfolk avatars (Shoals:4)
  2 merfolk aquamancers (Shoals:4)
  A two-headed ogre (Volcano)
  A naga sharpshooter (Snake:3)
  2 salamander mystics (Snake:4)
  A lindwurm (Snake:4)
  A mana viper (Snake:3)
  2 salamanders
  2 guardian serpents
  A blink frog (Lair:6)
  2 dream sheep (Lair:6)
  An air elemental (WizLab)
  3 yaks (Lair:6)
  A basilisk (Lair:6)
  A fire bat (Volcano)
  4 nagas (Snake:3)
34 creatures vanquished.

Vanquished Creatures (others)
  3 nagarajas
  The ghost of MaceMeetFace the Infuser, an adept GrTm of Kikubaaqudgha (Snake:1)
  The ghost of grandjackal the Fighter, a journeyman DsGl of Kikubaaqudgha (D:12)
  2 merfolk impalers
  2 naga warriors
  A spriggan air mage (WizLab)
  3 anacondas
  2 shock serpents
  5 naga sharpshooters
  A fire crab (WizLab)
  A salamander mystic (Snake:4)
  3 sea snakes
  A naga ritualist (Snake:2)
  2 orc knights
  A harpy (Shoals:3)
  6 salamanders
  An ugly thing (D:14)
  A manticore (Shoals:4)
  A faun (Shoals:2)
  3 cyclopes
  An elephant (Lair:6)
  An apocalypse crab (WizLab)
  4 black mambas
  2 spiny frogs
  3 naga magi
  A centaur skeleton (D:11)
  A rime drake (Lair:6)
  A komodo dragon (D:11)
  3 merfolk
  A jumping spider (shapeshifter) (D:15)
  A wind drake (WizLab)
  A large abomination (Elf:1)
  A blink frog (Lair:6)
  2 snapping turtles (Shoals:4)
  A water elemental (Shoals:3)
  2 basilisks
  4 yaks
  A wyvern (D:13)
  2 nagas
  An ogre (Volcano)
  2 centaurs
  An orc wizard (Orc:2)
  3 orcs (Orc:1)
  A quokka (D:15)
  12 fungi
  48 plants
142 creatures vanquished.

Grand Total: 1245 creatures vanquished

Notes
Turn   | Place    | Note
-------+----------+-------------------------------------------
     0 | D:1      | wjh11 the Minotaur Berserker began the quest for the Orb.
     0 | D:1      | Reached XP level 1. HP: 19/19 MP: 0/0
   278 | D:1      | Reached XP level 2. HP: 27/27 MP: 1/1
   290 | D:1      | Reached skill level 4 in Axes
   803 | D:1      | Reached ** piety under Trog
   930 | D:1      | Reached XP level 3. HP: 33/33 MP: 2/2
  1586 | D:2      | Noticed a scorpion
  1593 | D:2      | Killed a scorpion
  1593 | D:2      | Reached XP level 4. HP: 26/40 MP: 3/3
  1886 | D:2      | Reached skill level 5 in Axes
  2401 | D:3      | Reached XP level 5. HP: 47/47 MP: 4/4
  2639 | D:3      | Found a sparkling altar of Nemelex Xobeh.
  2788 | D:3      | Noticed jejorda2's ghost (novice OpMo)
  2793 | D:3      | Killed jejorda2's ghost
  2793 | D:3      | Reached skill level 5 in Fighting
  2793 | D:3      | Reached skill level 6 in Axes
  2793 | D:3      | Reached XP level 6. HP: 56/56 MP: 5/5
  2824 | D:3      | Reached *** piety under Trog
  3215 | D:4      | Got a crude whip
  3216 | D:4      | Identified the +3 whip of Baebuefi {flame, rPois Str-5 Dex+4 SInv} (You found it on level 4 of the Dungeon)
  3220 | D:4      | Noticed Natasha
  3226 | D:4      | Killed Natasha
  3226 | D:4      | Reached XP level 7. HP: 61/61 MP: 6/6
  3240 | D:4      | Reached skill level 7 in Axes
  3374 | D:4      | Noticed Natasha
  3378 | D:4      | Killed Natasha
  3480 | D:4      | Noticed Natasha
  3490 | D:4      | Killed Natasha
  3617 | D:5      | Entered Level 5 of the Dungeon
  3640 | D:5      | Reached skill level 5 in Armour
  3696 | D:5      | Reached skill level 8 in Axes
  3696 | D:5      | Reached skill level 5 in Dodging
  3696 | D:5      | Reached XP level 8. HP: 55/70 MP: 7/7
  3830 | D:5      | Found a stormy altar of Qazlal.
  4365 | D:6      | Found a shadowy altar of Dithmenos.
  4535 | D:6      | Reached **** piety under Trog
  4560 | D:6      | Reached skill level 9 in Axes
  4873 | D:6      | Noticed Grinder
  4885 | D:6      | Killed Grinder
  4902 | D:6      | Reached XP level 9. HP: 34/79 MP: 8/8
  5688 | D:6      | Reached skill level 10 in Axes
  6047 | D:7      | Found a staircase to the Ecumenical Temple.
  6160 | D:7      | Found Fyicraf's Armour Shop.
  6851 | D:8      | Received a gift from Trog
  7063 | D:8      | Noticed a two-headed ogre
  7075 | D:8      | Killed a two-headed ogre
  7075 | D:8      | Reached skill level 11 in Axes
  7075 | D:8      | Reached XP level 10. HP: 74/90 MP: 9/9
  7477 | D:8      | Found a shattered altar of Ashenzari.
  7696 | D:9      | Reached ***** piety under Trog
  7801 | D:9      | Noticed a two-headed ogre
  7810 | D:9      | Killed a two-headed ogre
  7994 | D:9      | Reached skill level 12 in Axes
  8054 | D:9      | Found Bokeriud's Magic Scroll Boutique.
  8062 | D:9      | Bought a scroll of identify for 30 gold pieces
  8821 | D:10     | Entered Level 10 of the Dungeon
  8833 | D:10     | Received a gift from Trog
  8967 | D:10     | Noticed Nergalle
  8980 | D:10     | Killed Nergalle
  9039 | D:10     | Found a staircase to the Orcish Mines.
  9052 | D:10     | Reached XP level 11. HP: 80/99 MP: 3/10
  9082 | D:10     | Reached skill level 13 in Axes
  9597 | D:11     | Noticed a brown ugly thing
  9603 | D:11     | Killed a brown ugly thing
  9603 | D:11     | Reached skill level 10 in Fighting
  9905 | D:11     | Received a gift from Trog
  9944 | D:11     | Noticed a two-headed ogre
  9977 | D:11     | Killed a two-headed ogre
 10017 | D:11     | Reached skill level 10 in Armour
 10752 | D:11     | Noticed Grum
 10758 | D:11     | Killed Grum
 10766 | D:11     | Reached skill level 14 in Axes
 10884 | D:11     | Found a staircase to the Lair.
 11690 | D:7      | Bought the +3 warlock's mirror {reflect} for 480 gold pieces
 11690 | D:7      | Found the +3 warlock's mirror {reflect}
 11886 | Lair:1   | Entered Level 1 of the Lair of Beasts
 11904 | Lair:1   | Reached skill level 1 in Shields
 11979 | Lair:1   | Noticed Gastronok
 12041 | Lair:1   | Killed Gastronok
 12041 | Lair:1   | Reached XP level 12. HP: 84/108 MP: 11/11
 12410 | Lair:1   | Reached skill level 10 in Dodging
 12888 | Lair:2   | Found a dark tunnel.
 12904 | Volcano  | Entered a volcano
 13069 | Volcano  | Noticed a two-headed ogre
 13070 | Volcano  | Noticed a two-headed ogre
 13077 | Volcano  | Killed a two-headed ogre
 13085 | Volcano  | Noticed a two-headed ogre
 13089 | Volcano  | Killed a two-headed ogre
 13096 | Volcano  | Noticed a two-headed ogre
 13099 | Volcano  | Killed a two-headed ogre
 13099 | Volcano  | Reached skill level 15 in Axes
 13099 | Volcano  | Reached skill level 5 in Shields
 13356 | Volcano  | Noticed a two-headed ogre
 13375 | Volcano  | Killed a two-headed ogre
 13634 | Volcano  | Noticed a fire dragon
 13642 | Volcano  | Killed a fire dragon
 13727 | Volcano  | Killed a two-headed ogre
 15189 | Lair:3   | Found a labyrinth entrance.
 15233 | Lab      | Entered a labyrinth
 15455 | Lab      | Found an exit through the horrors of the Abyss.
 16043 | Lab      | Noticed a minotaur
 16046 | Lab      | Banished a minotaur
 16046 | Lab      | Reached XP level 13. HP: 113/115 MP: 12/12
 16051 | Lab      | Got a dazzling plate armour
 16062 | Lab      | Identified the +10 plate armour of the Bouncing Yaks {rN+ Str+4 Slay-4} (You found it in a labyrinth)
 16119 | Lair:3   | Received a gift from Trog
 16327 | Lair:3   | Found a staircase to the Shoals.
 16363 | Lair:3   | Found a glowing silver altar of Zin.
 16817 | Shoals:1 | Entered Level 1 of the Shoals
 16920 | Lair:4   | Reached skill level 16 in Axes
 17510 | Lair:4   | Found a staircase to the Snake Pit.
 18816 | Lair:6   | Entered Level 6 of the Lair of Beasts
 18942 | Lair:6   | Received a gift from Trog
 18956 | Lair:6   | Got an encrusted dagger {god gift}
 19500 | Lair:6   | Found a staircase to the Slime Pits.
 19576 | Lair:6   | Reached skill level 10 in Shields
 19627 | Lair:6   | Reached XP level 14. HP: 107/125 MP: 13/13
 20364 | Lair:6   | Got a vibrating silver ring
 20370 | Lair:6   | Got a brightly glowing glass ring
 20771 | Lair:6   | Received a gift from Trog
 20771 | Lair:6   | Reached skill level 17 in Axes
 20776 | Lair:6   | Identified the ring of Zext {rF+ Int+4 Dex+5} (You found it on level 6 of the Lair of Beasts)
 20778 | Lair:6   | Identified the ring "Puegow" {rElec MP+9 Int+4 Dex+5} (You found it on level 6 of the Lair of Beasts)
 21570 | Orc:1    | Entered Level 1 of the Orcish Mines
 21601 | Orc:1    | Noticed an orc warlord
 21772 | Orc:2    | Entered Level 2 of the Orcish Mines
 21875 | Orc:2    | Found a staircase to the Elven Halls.
 21892 | Orc:2    | Noticed Donald
 21925 | Orc:1    | Found Ryorr's Weapon Boutique.
 22360 | Orc:2    | Killed Donald
 22428 | Orc:2    | Found Desykuk's Armour Shop.
 22452 | Orc:2    | Received a gift from Trog
 22466 | Orc:2    | Reached ****** piety under Trog
 22580 | Orc:2    | Found Etohakuq's General Store.
 22587 | Orc:2    | Found Owujis's Armour Boutique.
 22588 | Orc:2    | Found Qetihest's General Store.
 22590 | Orc:2    | Bought a +1 cloak for 138 gold pieces
 22612 | Orc:2    | Bought a scroll of teleportation for 33 gold pieces
 22612 | Orc:2    | Bought a scroll of identify for 22 gold pieces
 23186 | D:12     | Identified the +0 dagger of the Goat {drain, MR+++ Int-5 Dex+2 SInv} (Trog gifted it to you on level 6 of the Lair of Beasts)
 23214 | D:12     | Noticed Psyche
 23285 | D:12     | Noticed grandjackal's ghost (journeyman DsGl)
 23289 | D:12     | Banished grandjackal's ghost
 23709 | D:13     | Received a gift from Trog
 24210 | D:13     | Reached XP level 15. HP: 127/134 MP: 14/14
 24237 | D:13     | Found a gate to the Vaults.
 24641 | D:14     | Reached skill level 18 in Axes
 24867 | D:14     | Noticed Frances
 24881 | D:14     | Banished Frances
 25018 | D:14     | Received a gift from Trog
 25229 | D:15     | Entered Level 15 of the Dungeon
 25230 | D:15     | Noticed Agnes
 25238 | D:15     | Banished Agnes
 25490 | D:15     | Noticed Sonja
 25498 | D:15     | Killed Sonja
 25779 | D:15     | Found a staircase to the Depths.
 25977 | D:15     | Found a white marble altar of Elyvilon.
 26316 | D:15     | Gained mutation: You are weak. (Str -2) [a shining eye]
 26521 | D:7      | Bought the +2 pair of gloves "Reasmeo" {MR+ Int+3} for 400 gold pieces
 26840 | Snake:1  | Entered Level 1 of the Snake Pit
 26840 | Snake:1  | Noticed MaceMeetFace's ghost (adept GrTm)
 27363 | Snake:1  | Banished MaceMeetFace's ghost
 27414 | Snake:1  | Received a gift from Trog
 28850 | Snake:2  | Reached XP level 16. HP: 125/147 MP: 15/15
 28888 | Snake:2  | Reached skill level 19 in Axes
 29829 | Snake:2  | Found Bannudi's Magic Scroll Boutique.
 29830 | Snake:2  | Found Womel's Armour Boutique.
 29830 | Snake:2  | Found Fucolyics's Assorted Antiques.
 29835 | Snake:2  | Bought a scroll of teleportation for 60 gold pieces
 29835 | Snake:2  | Bought a scroll of identify for 40 gold pieces
 29835 | Snake:2  | Bought a scroll of teleportation for 60 gold pieces
 29835 | Snake:2  | Bought a scroll of teleportation for 60 gold pieces
 29835 | Snake:2  | Found Feuquet's Distillery.
 29841 | Snake:2  | Bought a potion of might for 44 gold pieces
 29841 | Snake:2  | Bought a potion of mutation for 88 gold pieces
 29844 | Snake:2  | Bought a scroll of magic mapping for 87 gold pieces
 29844 | Snake:2  | Bought a scroll of enchant armour for 187 gold pieces
 30169 | Snake:2  | Received a gift from Trog
 30333 | Snake:2  | Lost mutation: You are weak. (Str -2) [potion of mutation]
 30333 | Snake:2  | Gained mutation: You are resistant to hostile enchantments. (MR+) [potion of mutation]
 30333 | Snake:2  | Gained mutation: You are partially covered in yellow scales. (AC +2) [potion of mutation]
 30334 | Snake:2  | Lost mutation: You are resistant to hostile enchantments. (MR+) [potion of mutation]
 30334 | Snake:2  | Gained mutation: You are resistant to electric shocks. (rElec) [potion of mutation]
 30334 | Snake:2  | Gained mutation: You have large cloven feet. [potion of mutation]
 30334 | Snake:2  | Gained mutation: You have supernaturally acute eyesight. (SInv) [potion of mutation]
 30335 | Snake:2  | Lost mutation: You have supernaturally acute eyesight. (SInv) [potion of mutation]
 30335 | Snake:2  | Lost mutation: You are resistant to electric shocks. (rElec) [potion of mutation]
 30335 | Snake:2  | Gained mutation: You possess an exceptional clarity of mind. [potion of mutation]
 30335 | Snake:2  | Gained mutation: Your skin changes colour to match your surroundings (Stealth+). [potion of mutation]
 31915 | Snake:3  | Got a pitted brass ring
 32145 | Snake:3  | Reached skill level 15 in Shields
 32613 | Snake:3  | Received a gift from Trog
 32982 | Snake:4  | Entered Level 4 of the Snake Pit
 33043 | Snake:4  | Reached skill level 15 in Fighting
 33077 | Snake:4  | Identified the ring "Venwon" {rPois Int+4 SInv Stlth-} (You found it on level 3 of the Snake Pit)
 33613 | Snake:4  | Noticed Aizul
 33618 | Snake:4  | Banished Aizul
 33631 | Snake:4  | Reached XP level 17. HP: 154/156 MP: 16/16
 33651 | Snake:4  | Reached skill level 20 in Axes
 33715 | Snake:4  | HP: 2/156 [salamander/halberd (13)]
 34273 | Snake:4  | Reached skill level 15 in Armour
 34286 | Snake:4  | Received a gift from Trog
 35132 | Snake:4  | Got a serpentine rune of Zot
 36366 | Shoals:2 | Received a gift from Trog
 38038 | Shoals:3 | Reached XP level 18. HP: 119/166 MP: 17/17
 38075 | Shoals:3 | Received a gift from Trog
 38500 | Shoals:3 | Reached skill level 21 in Axes
 39403 | Shoals:4 | Entered Level 4 of the Shoals
 40932 | Shoals:4 | Received a gift from Trog
 41706 | Shoals:4 | Reached skill level 15 in Dodging
 42638 | Shoals:4 | Noticed Ilsuiw
 42665 | Shoals:4 | Killed Ilsuiw
 42739 | Shoals:4 | Got a barnacled rune of Zot
 43193 | Elf:1    | Entered Level 1 of the Elven Halls
 43290 | Elf:1    | Found a magical portal.
 43295 | WizLab   | Entered The Chambers of the Cloud Mage
 43326 | WizLab   | Reached skill level 1 in Stealth
 43940 | WizLab   | HP: 3/250 [ghost crab] (15)]
 43941 | WizLab   | Engulfed by a ghost crab's spectral mist

Vault maps used:
D:1:      dpeg_arrival_boxorama
D:3:      serial_park_tiny_pond, minmay_misc_feat_more_columns,
          hangedman_decor_clover_reticule, nemelex_lonely_heart_becter
D:4:      first_ration, hex_tiny, lemuel_old_faithful, uniq_natasha
D:5:      basic_altar
D:6:      grunt_dithmenos_smoke_and_mirrors, uniq_grinder
D:7:      minmay_temple_entry_mist, serial_shops, shop
D:8:      cheibrodos_ashenzari_chains
D:9:      serial_shops, shop
D:10:     zombieorc1_lemuel, uniq_nergalle
D:11:     erik_lair_dragon, grunt_pizzeria, uniq_grum
D:12:     uniq_psyche
D:13:     hangedman_vaults_entry_quadrant_bands
D:14:     hex_medium, uniq_frances
D:15:     gammafunk_enter_depths_forms, elyvilon_altar_4, minmay_three_doors,
          uniq_agnes, uniq_sonja
Lair:1:   uniq_gastronok
Lair:2:   nicolae_volcano_entry_two_sided, serial_bayou_crossing,
          serial_bayou_shore_b, infiniplex_staircase_pool, grunt_megastairs_3,
          minmay_lair_oklob_chamber
Lair:3:   minmay_shoals_entry_centaurs, lab_entry_generic, basic_altar,
          minivault_11
Lair:4:   minmay_snake_entry_guardpost_large
Lair:6:   gammafunk_lair_ancient_temple, dpeg_slime_entry_corner
Shoals:4: shoals_end_simple, shoal_ilsuiw
Snake:2:  special_room, nicolae_snake_springs, minmay_shoptagon
Snake:4:  snake_pit_salamanders_mu, uniq_aizul
Orc:1:    serial_shops, shop
Orc:2:    st_orc_open, uniq_donald
Elf:1:    mu_enter_wizlab_1, minmay_elf_necromancy
Lab:      nicolae_lab_do_over, lab_block, labyrinth_fake_exit,
          labyrinth_skeletal_remains
Volcano:  pf_volcano_lost_world
WizLab:   wizlab_cloud

Skill      XL: |  1  2  3  4  5  6  7  8  9 10 11 12 13 14 15 16 17 18 |
---------------+-------------------------------------------------------+-----
Axes           | 4 5 6 8 9 11 12 14 15 16 17 18 19 20 21 | 21.7
Fighting       | 4 5 6 7 8 9 11 12 13 14 15 16 | 16.5
Armour         | 3 4 5 6 8 9 10 11 12 13 14 15 16 | 16.2
Dodging        | 3 4 5 6 7 8 9 10 11 12 13 14 15 | 15.2
Shields        | 2 7 10 12 13 15 16 18 | 18.0
Stealth        | 2 |  2.0

Action                   |  1- 3 |  4- 6 |  7- 9 | 10-12 | 13-15 | 16-18 || total
-------------------------+-------+-------+-------+-------+-------+-------++-------
Melee: Hand axe          |    79 |   100 |   292 |   135 |       |       ||   606
       Headbutt          |     7 |    12 |    57 |   103 |   278 |   324 ||   781
       Whip              |       |     2 |       |       |       |       ||     2
       Battleaxe         |       |       |       |   152 |       |       ||   152
       Broad axe         |       |       |       |   262 |  1106 |  1374 ||  2742
Invok: Berserk           |     1 |     1 |     3 |     3 |     3 |     5 ||    16
       Trog's Hand       |       |       |       |     1 |     2 |       ||     3
       Brothers in Arms  |       |       |       |     1 |     3 |     7 ||    11
  Use: Scroll            |       |     8 |       |    15 |    31 |    16 ||    70
       Potion            |       |       |       |       |     2 |     9 ||    11
 Stab: Sleeping          |       |     1 |       |       |       |       ||     1
  Eat: Chunk             |     1 |     5 |    21 |    32 |    29 |    28 ||   116
       Ration            |       |     1 |     1 |       |     6 |     8 ||    16
Armor: Animal skin       |    11 |    15 |       |       |       |       ||    26
       Ring mail         |       |    10 |    22 |       |       |       ||    32
       Plate armour      |       |       |    76 |   240 |   447 |   703 ||  1466
Dodge: Dodged            |    52 |    70 |   151 |   226 |   448 |   808 ||  1755
Block: Buckler           |       |       |       |    64 |   447 |   862 ||  1373
       Reflection        |       |       |       |     3 |    38 |   179 ||   220

Table legend:
 A = Spawn XP
 B = Non-spawn XP
 C = Spawn XP percentage of total XP
 D = Spawn monster count
 E = Non-spawn monster count
 F = Spawn count percentage of total count
 G = Total turns spent on level
                    A         B        C        D         E        F      G
               +---------+---------+-------+---------+---------+-------+---------
         Total |       0 |  367458 |   0.0 |       0 |    1172 |   0.0 | 43941
               +---------+---------+-------+---------+---------+-------+---------
           D:1 |       0 |      51 |   0.0 |       0 |      29 |   0.0 |  1388
           D:2 |       0 |     134 |   0.0 |       0 |      23 |   0.0 |   960
           D:3 |       0 |     470 |   0.0 |       0 |      25 |   0.0 |   689
           D:4 |       0 |     348 |   0.0 |       0 |      15 |   0.0 |   580
           D:5 |       0 |     820 |   0.0 |       0 |      24 |   0.0 |   740
           D:6 |       0 |    1503 |   0.0 |       0 |      29 |   0.0 |  1417
           D:7 |       0 |     877 |   0.0 |       0 |      24 |   0.0 |   988
           D:8 |       0 |    2095 |   0.0 |       0 |      30 |   0.0 |  1070
           D:9 |       0 |    2697 |   0.0 |       0 |      29 |   0.0 |  1261
          D:10 |       0 |    2607 |   0.0 |       0 |      51 |   0.0 |  1049
          D:11 |       0 |    8126 |   0.0 |       0 |      58 |   0.0 |  2694
          D:12 |       0 |    2378 |   0.0 |       0 |      13 |   0.0 |   648
          D:13 |       0 |   10334 |   0.0 |       0 |      35 |   0.0 |   977
          D:14 |       0 |   12143 |   0.0 |       0 |      26 |   0.0 |   649
          D:15 |       0 |   13132 |   0.0 |       0 |      30 |   0.0 |  1115
        Lair:1 |       0 |    4349 |   0.0 |       0 |      15 |   0.0 |  1168
        Lair:2 |       0 |    3371 |   0.0 |       0 |      12 |   0.0 |  1346
        Lair:3 |       0 |    6702 |   0.0 |       0 |      31 |   0.0 |  1041
        Lair:4 |       0 |    5355 |   0.0 |       0 |      18 |   0.0 |  1577
        Lair:5 |       0 |    4242 |   0.0 |       0 |      11 |   0.0 |   913
        Lair:6 |       0 |   19937 |   0.0 |       0 |      65 |   0.0 |  2488
      Shoals:1 |       0 |   13909 |   0.0 |       0 |      28 |   0.0 |   707
      Shoals:2 |       0 |   12034 |   0.0 |       0 |      25 |   0.0 |  1874
      Shoals:3 |       0 |   21018 |   0.0 |       0 |      40 |   0.0 |  2995
      Shoals:4 |       0 |   49102 |   0.0 |       0 |      90 |   0.0 |  1681
       Snake:1 |       0 |   19385 |   0.0 |       0 |      36 |   0.0 |  1595
       Snake:2 |       0 |   24633 |   0.0 |       0 |      51 |   0.0 |  2186
       Snake:3 |       0 |   26645 |   0.0 |       0 |      58 |   0.0 |  1827
       Snake:4 |       0 |   52318 |   0.0 |       0 |      86 |   0.0 |  2218
         Orc:1 |       0 |    1118 |   0.0 |       0 |      30 |   0.0 |   825
         Orc:2 |       0 |   19670 |   0.0 |       0 |      71 |   0.0 |   673
         Elf:1 |       0 |    2219 |   0.0 |       0 |       8 |   0.0 |   102
           Lab |       0 |    1187 |   0.0 |       0 |       3 |   0.0 |   831
       Volcano |       0 |    9038 |   0.0 |       0 |      27 |   0.0 |  1023
        WizLab |       0 |   13511 |   0.0 |       0 |      26 |   0.0 |   646
               +---------+---------+-------+---------+---------+-------+---------
